 Dungeon Crawl Stone Soup version 0.23.2-1-ga50397a (webtiles) character file.

Game seed: 2392715948698002965

7630 kae the Cleaver (level 10, -12/91 HPs)
             Began as a Deep Dwarf Fighter on May 18, 2019.
             Was a Priest of Makhleb.
             Mangled by a komodo dragon (20 damage)
             ... on level 1 of the Lair of Beasts.
             The game lasted 00:11:37 (8228 turns).

kae the Cleaver (Deep Dwarf Fighter)                Turns: 8228, Time: 00:11:37

Health: -12/91     AC: 12    Str: 22    XL:     10   Next: 98%
Magic:  9/9        EV:  5    Int: 20    God:    Makhleb [***...]
Gold:   128        SH: 10    Dex: 16    Spells: 9/9 levels left

rFire    . . .     SeeInvis .   a - +1 war axe
rCold    . . .     Gourm    .   c - +0 shield
rNeg     + . .     Faith    .   d - +1 chain mail of the Gardener {Int+4 Dex+4} (curse)
rPois    .         Spirit   .   (no helmet)
rElec    .         Reflect  .   (no cloak)
rCorr    .         Harm     .   (no gloves)
MR       +....                  (no boots)
Stlth    ..........             (no amulet)
HPRegen  0.00/turn              q - +6 ring of intelligence
MPRegen  0.11/turn              o - ring of positive energy

@: non-regenerating
A: damage resistance, heal wounds, sense surroundings 2, no regeneration
a: Heal Wounds, Minor Destruction, Lesser Servant of Makhleb, Renounce Religion


You were on level 1 of the Lair of Beasts.
You worshipped Makhleb.
Makhleb was most pleased with you.
You were not hungry.

You visited 3 branches of the dungeon, and saw 11 of its levels.

You collected 717 gold pieces.
You spent 589 gold pieces at shops.

Inventory:

Hand Weapons
 a - a +1 war axe (weapon)
Armour
 b - a +0 scale mail
 c - a +0 shield (worn)
 d - the cursed +1 chain mail of the Gardener (worn) {Int+4 Dex+4}
   (You bought it in a shop on level 8 of the Dungeon)

   It affects your intelligence (+4).
   It affects your dexterity (+4).
   It has a curse placed upon it.
 v - a +2 chain mail of cold resistance
Jewellery
 o - a ring of positive energy (right hand)
 q - a +6 ring of intelligence (left hand)
 r - an uncursed ring of magical power
 u - an uncursed amulet of rage
Wands
 w - a wand of acid (6)
 x - a wand of digging (13)
 y - a wand of iceblast (8)
 B - a wand of random effects (15)
Scrolls
 i - a scroll of blinking
 j - 5 scrolls of teleportation
 k - 6 scrolls of remove curse
 m - 2 scrolls of fear
 A - a scroll of torment {unknown}
 D - 6 scrolls of identify
 E - 2 scrolls of enchant weapon
 F - 3 scrolls of fog
 H - 2 scrolls of amnesia
Potions
 e - 2 potions of haste
 g - 2 potions of magic
 h - 3 potions of curing
 n - 2 potions of mutation
 p - 3 potions of brilliance
 s - 2 potions of agility
 t - 2 potions of ambrosia
 z - a potion of cancellation
 C - 3 potions of flight
 G - a potion of invisibility
Comestibles
 f - 9 rations


   Skills:
 + Level 5.9 Fighting
 * Level 13.8 Axes
 - Level 8.5 Armour
 - Level 3.2 Shields
 + Level 7.4 Invocations


You had 9 spell levels left.
You didn't know any spells.
Your spell library contained the following spells:

 Spells                   Type           Power        Failure   Level  Hunger
 Summon Small Mammal      Summ           #...         99%         1    ##.....
 Call Imp                 Summ           #.......     100%        2    ###....
 Call Canine Familiar     Summ           #.......     100%        3    ####...
 Summon Guardian Golem    Hex/Summ       #.......     100%        3    ####...
 Summon Ice Beast         Ice/Summ       #.......     100%        4    #####..
 Summon Lightning Spire   Summ/Air       #.......     100%        4    #####..


Dungeon Overview and Level Annotations

Branches:
Dungeon (9/15)             Temple (1/1) D:7            Lair (1/6) D:8
    Orc: D:9-12

Altars:
Ashenzari
Cheibriados
Dithmenos
Elyvilon
Fedhas
Gozag
Hepliaklqana
Kikubaaqudgha
Makhleb
Nemelex Xobeh
Okawaru
Qazlal
Ru
Sif Muna
Trog
Uskayaw
Vehumet
Wu Jian
Xom
Yredelemnul
Zin
The Shining One

Shops:
D:4 !*}?!   D:7 %   D:8 ?%[[*


Innate Abilities, Weirdness & Mutations

You are resistant to damage.
You can heal yourself by infusing magical energy.
You passively map the area around you.
You do not regenerate.


Message History

You hit the komodo dragon.
The komodo dragon is severely wounded.
You slash the komodo dragon!
The komodo dragon is almost dead.
You block the komodo dragon's attack.
Your chain mail of the Gardener prevents you from hitting the komodo dragon.
The komodo dragon is almost dead.
The komodo dragon bites you!!
* * * LOW HITPOINT WARNING * * *
You barely miss the komodo dragon.
The komodo dragon is almost dead.
The komodo dragon bites you!
* * * LOW HITPOINT WARNING * * *
You hit the komodo dragon but do no damage.
The komodo dragon is almost dead.
You block the komodo dragon's attack.
You hit the komodo dragon but do no damage.
The komodo dragon is almost dead.
The komodo dragon bites you!!
You die...

,##.###..####..###....
** # * #..# ######....
#..## #P....
#####..P### ###....
####.#.#..##.####.#....
#......................
#......................
#..........#.#.........
#....l@...#####..>...).
#.........# #........
#?........# #........
#.........# #........
#######.### ####.#P##
### * *


You could see a komodo dragon.

Vanquished Creatures
  Joseph (D:8)
  A spiny frog (Lair:1)
  A queen bee (D:8)
  Grinder (D:6)
  A hippogriff (D:9)
  4 yaks (D:8)
  A hungry ghost (D:7)
  Duvessa (D:6)
  A water moccasin (Lair:1)
  An ice beast (D:9)
  3 porcupines
  5 sky beasts
  A black bear (D:9)
  A phantom (D:4)
  4 ogres
  7 centaurs
  5 crocodiles
  7 bullfrogs
  Dowan (D:6)
  A scorpion (D:8)
  15 killer bees (D:8)
  7 wights
  6 crimson imps
  3 bullfrog zombies
  A centaur zombie (D:7)
  4 hounds
  5 orc priests
  2 gnoll shamans
  10 orc wizards
  Ijyb (D:3)
  Terence (D:3)
  13 worker ants
  2 hound skeletons (D:7)
  A worker ant zombie (D:8)
  13 gnolls
  A howler monkey skeleton (D:5)
  13 adders
  An ooze (D:5)
  An adder skeleton (D:6)
  An adder zombie (D:5)
  4 worms
  6 leopard geckos
  33 orcs
  9 giant cockroaches
  3 goblins (D:2)
  8 hobgoblins
  6 jackals
  8 kobolds
  2 quokkas (D:5)
  5 bats
  3 frilled lizards
  A jackal skeleton (D:5)
  A leopard gecko skeleton (D:5)
  A quokka zombie (D:5)
  5 rats
244 creatures vanquished.

Vanquished Creatures (others)
  3 fungi (D:8)
  11 plants (D:8)
14 creatures vanquished.

Grand Total: 258 creatures vanquished

Notes
Turn   | Place    | Note
-------+----------+-------------------------------------------
     0 | D:1      | kae the Deep Dwarf Fighter began the quest for the Orb.
     0 | D:1      | Reached XP level 1. HP: 20/20 MP: 1/1
   139 | D:1      | Reached XP level 2. HP: 24/27 MP: 2/2
   397 | D:1      | Reached skill level 3 in Axes
   724 | D:2      | Reached XP level 3. HP: 24/33 MP: 3/3
  1092 | D:2      | Reached skill level 4 in Axes
  1243 | D:2      | Reached XP level 4. HP: 22/40 MP: 4/4
  1555 | D:3      | Reached XP level 5. HP: 40/46 MP: 5/5
  1575 | D:3      | Reached skill level 5 in Axes
  1675 | D:3      | Reached skill level 5 in Armour
  1678 | D:3      | Reached XP level 6. HP: 35/55 MP: 6/6
  1988 | D:3      | Reached skill level 6 in Axes
  2009 | D:3      | Noticed Terence
  2016 | D:3      | Killed Terence
  2141 | D:3      | Noticed Ijyb
  2176 | D:3      | Killed Ijyb
  2670 | D:4      | Found Aduocau's Gadget Boutique.
  2784 | D:4      | Reached skill level 7 in Axes
  2784 | D:4      | Reached XP level 7. HP: 47/61 MP: 5/5
  2945 | D:4      | Found Cizoji Varee's Distillery.
  2948 | D:4      | Bought a potion of ambrosia for 96 gold pieces
  3058 | D:4      | Reached skill level 8 in Axes
  3165 | D:4      | Found Noifru's Assorted Antiques.
  3168 | D:4      | Bought a scroll labeled ISKAAN DYI for 26 gold pieces
  3168 | D:4      | Bought a glowing emerald potion for 23 gold pieces
  3198 | D:4      | Found an ornate altar of the Wu Jian Council.
  3302 | D:4      | Found Widy's Distillery.
  3316 | D:4      | Bought a potion of heal wounds for 70 gold pieces
  3316 | D:4      | Bought a potion of lignification for 42 gold pieces
  3328 | D:4      | Found Kulek's Magic Scroll Shop.
  3447 | D:5      | Entered Level 5 of the Dungeon
  3662 | D:5      | Found a glowing golden altar of the Shining One.
  3751 | D:5      | Reached XP level 8. HP: 48/68 MP: 5/5
  3894 | D:5      | Reached skill level 9 in Axes
  4696 | D:6      | Reached skill level 10 in Axes
  4719 | D:6      | Noticed Duvessa
  4721 | D:6      | Noticed Dowan
  4736 | D:6      | Killed Duvessa
  4746 | D:6      | Killed Dowan
  4930 | D:6      | Noticed Grinder
  4942 | D:6      | Killed Grinder
  4942 | D:6      | Gained mutation: You passively map the area around you.
                  | [Deep Dwarf growth]
  4942 | D:6      | Reached XP level 9. HP: 48/74 MP: 5/5
  5273 | D:7      | Reached skill level 11 in Axes
  5339 | D:7      | Found Oqonucidwa's Food Shop.
  5388 | D:7      | Found a staircase to the Ecumenical Temple.
  5479 | Temple   | Entered the Ecumenical Temple
  5637 | Temple   | Became a worshipper of Makhleb the Destroyer
  5768 | D:7      | Reached skill level 1 in Invocations
  6185 | D:8      | Noticed Joseph
  6207 | D:8      | Killed Joseph
  6235 | D:8      | Found Qekiuw's Antique Armour Emporium.
  6339 | D:8      | Reached skill level 12 in Axes
  6425 | D:8      | Reached * piety under Makhleb
  6510 | D:8      | Reached XP level 10. HP: 19/86 MP: 8/8
  6563 | D:8      | Found a staircase to the Lair.
  6593 | D:8      | Reached skill level 5 in Invocations
  6625 | D:8      | Reached skill level 5 in Fighting
  6629 | D:8      | Reached skill level 13 in Axes
  6632 | D:8      | Reached ** piety under Makhleb
  6833 | D:8      | Found Bezi's Food Emporium.
  6884 | D:8      | Found an opulent altar of Gozag.
  6906 | D:8      | Found Qourph's Antique Armour Emporium.
  6911 | D:8      | Bought a faintly glowing chain mail for 332 gold pieces
  6921 | D:8      | Identified the cursed +1 chain mail of the Gardener {Int+4
                  | Dex+4} (You bought it in a shop on level 8 of the Dungeon)
  6969 | D:8      | Found Qumeqa's Assorted Antiques.
  7108 | D:8      | Found a shimmering altar of Xom.
  7108 | D:8      | Found a shimmering altar of Xom.
  7109 | D:8      | Found a shimmering altar of Xom.
  7109 | D:8      | Found a shimmering altar of Xom.
  7109 | D:8      | Found a shimmering altar of Xom.
  7109 | D:8      | Found a shimmering altar of Xom.
  7109 | D:8      | Noticed a two-headed ogre
  7152 | D:8      | Found Mobuq's Magic Scroll Emporium.
  7173 | D:8      | Noticed an elephant
  7173 | D:8      | a snapping turtle changed into an elephant
  7227 | D:8      | Noticed a deep troll
  7532 | D:9      | Found a blossoming altar of Fedhas.
  7758 | D:9      | Reached *** piety under Makhleb
  7985 | D:8      | Noticed an anaconda
  8025 | Lair:1   | Entered Level 1 of the Lair of Beasts
  8118 | Lair:1   | Noticed a spiny frog
  8130 | Lair:1   | Killed a spiny frog
  8228 | Lair:1   | Mangled by a komodo dragon

Skill      XL: |  1  2  3  4  5  6  7  8  9 10 |
---------------+-------------------------------+-----
Axes           | 3 4 5 7 8 10 12 13 | 13.8
Armour         | 4 5 6 8 |  8.5
Invocations    | 4 7 |  7.4
Fighting       | 4 5 |  5.9
Shields        | |  3.2

Action                   |  1- 3 |  4- 6 |  7- 9 | 10-12 || total
-------------------------+-------+-------+-------+-------++-------
Melee: War axe           |    94 |   192 |   468 |   284 ||  1038
 Abil: Heal Wounds       |     1 |     6 |    10 |     7 ||    24
Evoke: Wand              |       |       |     2 |     3 ||     5
  Use: Scroll            |     3 |     8 |     9 |       ||    20
       Potion            |       |     1 |     5 |     4 ||    10
  Eat: Chunk             |       |     6 |    10 |     7 ||    23
       Ration            |       |       |     6 |       ||     6
Armor: Scale mail        |    53 |    48 |       |       ||   101
       Chain mail        |       |    20 |   215 |   125 ||   360
       Skin              |       |       |       |    64 ||    64
Dodge: Dodged            |    34 |    52 |    65 |    77 ||   228
Block: Shield            |    70 |   103 |   197 |   158 ||   528
